 Dungeon Crawl Stone Soup version 0.26.0-57-g60708a5e39 (webtiles) character file.

Game seed: 790020151372946281

3580 kaeus the Martial Artist (level 10, -9/72 HPs)
             Began as an Octopode Transmuter on Feb 1, 2021.
             Was a Follower of Cheibriados.
             Mangled by a hornet (14 damage)
             ... on level 9 of the Dungeon.
             The game lasted 00:14:16 (11867 turns).

kaeus the Martial Artist (Octopode Transmuter)     Turns: 11867, Time: 00:14:17

Health: -9/72      AC:  2    Str: 11    XL:     10   Next: 10%
Magic:  24/26      EV: 25    Int: 19    God:    Cheibriados [*.....]
Gold:   673        SH:  0    Dex: 22    Spells: 6/19 levels left

rFire    . . .     SeeInvis .     - Unarmed
rCold    . . .     Faith    .   (shield currently unavailable)
rNeg     . . .     Spirit   .   (helmet currently unavailable)
rPois    x         Reflect  .   h - amulet of the acrobat
rElec    .         Harm     .   n - ring of flight
rCorr    .         Rampage  .   t - ring of magical power
Will     .....                  (no ring)
Stlth    ++........             (no ring)
HPRegen  0.22/turn              (no ring)
MPRegen  0.20/turn              (no ring)
                                (no ring)
                                (no ring)

@: spider-form, slowed, very slow
A: tiny, almost no armour, stealthy swim, (amphibious), 8 rings, (constrict 8),
robust 1
a: End Transformation, Renounce Religion, Evoke Flight, Bend Time


You were on level 9 of the Dungeon.
You worshipped Cheibriados.
Cheibriados was aware of your devotion.
You were a venomous arachnid creature.
You visited 2 branches of the dungeon, and saw 10 of its levels.

You collected 673 gold pieces.

Inventory:

Armour
 b - a +0 buckler
 l - a +2 hat (melded)
Magical Staves
 B - an uncursed staff of fire
Jewellery
 f - an uncursed amulet of magic regeneration
 h - an amulet of the acrobat (around neck)
 n - a ring of flight (left front leg)
 t - a ring of magical power (right front leg)
Wands
 x - a wand of random effects (10)
 A - a wand of acid (22)
 C - a wand of enslavement (5)
 E - a wand of paralysis (10)
Scrolls
 d - 3 scrolls of fear {unknown}
 i - 7 scrolls of teleportation
 j - 5 scrolls of remove curse
 k - 3 scrolls of immolation {unknown}
 q - 3 scrolls of identify
 r - a scroll of blinking {unknown}
 v - a scroll of noise {unknown}
 w - a scroll of random uselessness {unknown}
 y - 2 scrolls of amnesia {unknown}
 z - a scroll of magic mapping {unknown}
 D - 2 scrolls of enchant armour {unknown}
Potions
 a - 2 potions of brilliance
 c - a potion of invisibility {unknown}
 e - 4 potions of curing
 g - 3 potions of degeneration
 m - 2 potions of haste {unknown}
 o - 2 potions of flight
 p - a potion of magic {unknown}
 s - a potion of mutation
 u - a potion of berserk rage {unknown}


   Skills:
 + Level 5.1 Fighting
 + Level 5.1 Dodging
 + Level 9.3 Unarmed Combat
 + Level 5.1 Spellcasting
 + Level 5.6 Transmutations
 - Level 2.0 Ice Magic
 - Level 2.0 Poison Magic
 + Level 3.0 Invocations


You had 6 spell levels left.
You knew the following spells:

 Your Spells              Type           Power        Failure   Level
a - Spider Form           Tmut/Pois      9%           21%         3
b - Ice Form              Ice/Tmut       19%          47%         4
c - Blade Hands           Tmut           13%          54%         5
A - Beastly Appendage     Tmut           52%          6%          1

Your spell library contained the following spells:

 Spells                   Type           Power        Failure   Level
 Wereblood                Tmut           26%          8%          2
 Corona                   Hex            4%           28%         1
 Magic Dart               Conj           16%          28%         1
 Blink                    Tloc           N/A          38%         2
 Call Imp                 Summ           4%           38%         2
 Slow                     Hex            4%           38%         2
 Mephitic Cloud           Conj/Pois/Air  7%           50%         3
 Conjure Flame            Conj/Fire      4%           58%         3
 Inner Flame              Hex/Fire       4%           58%         3
 Portal Projectile        Hex/Tloc       8%           58%         3
 Cause Fear               Hex            2%           90%         4
 Leda's Liquefaction      Hex/Erth       2%           90%         4


Dungeon Overview and Level Annotations

Branches:
Dungeon (9/15)             Temple (1/1) D:7
   Lair: D:8-11         Orc: D:9-12

Altars:
Ashenzari
Cheibriados
Dithmenos
Elyvilon
Fedhas
Gozag
Hepliaklqana
Kikubaaqudgha
Makhleb
Nemelex Xobeh
Okawaru
Qazlal
Ru
Sif Muna
Uskayaw
Vehumet
Xom
Yredelemnul
Zin

Annotations:
D:6 SkeletonJelly's ghost, novice DrTm


Innate Abilities, Weirdness & Mutations

You cannot wear most types of armour.
You are very stealthy in the water. (Stealth+)
((You are amphibious.))
You can wear up to eight rings at the same time.
((You can use your tentacles to constrict eight enemies at once.))
((Your skin changes colour to match your surroundings (Stealth+).))
((Your rubbery body absorbs attacks. (AC +1, EV +1)))
((Your flesh is heat resistant. (rF+)))
You are robust. (+10% HP)


Message History

Your +2 hat melds into your body.
You feel sick. The hornet barely misses you. The hornet completely misses you.
The hornet stings you!
You suddenly lose the ability to move!
The hornet stings you!
You feel as though you will be slow longer.
You can move again.
You take 28 damage, and have 25/72 hp.
MASSIVE DAMAGE!!
You now have 23/26 mp.
You barely miss the hornet.
You feel sick. The hornet stings you.
* * * LOW HITPOINT WARNING * * *
You are lethally poisoned!
You feel as though you will be slow longer.
The hornet stings you!
* * * LOW HITPOINT WARNING * * *
You feel as though you will be slow longer.
You take 17 damage, and have 8/72 hp.
MASSIVE DAMAGE!!
You feel better. The hornet stings you!
* * * LOW HITPOINT WARNING * * *
You feel as though you will be slow longer.
The hornet stings you!
You die...

###########
#.y.......#
##..s......#
#....<...!.#
.....?........+
....#.........#
... #.....$...#
## ######+####


You could see a hornet.

Vanquished Creatures
  A two-headed ogre (D:8)
  Psyche (D:8)
  Duvessa (D:7)
  3 ice beasts
  A sky beast (D:7)
  A black bear (D:4)
  2 phantoms
  A necrophage (D:7)
  6 bullfrogs
  Dowan (D:7)
  A scorpion (D:6)
  A water moccasin skeleton (D:7)
  6 wights
  2 howler monkeys
  A centaur zombie (D:7)
  3 bullfrog zombies
  3 hounds
  2 jellies
  A bullfrog skeleton (D:8)
  4 orc priests
  A centaur skeleton (D:7)
  An iguana (D:7)
  7 orc wizards
  2 worker ants (D:4)
  A killer bee zombie (D:7)
  A hound zombie (D:8)
  5 adders
  2 gnolls
  A howler monkey skeleton (D:8)
  2 shadow imps (D:8)
  A white imp (D:5)
  An ooze (D:4)
  An adder skeleton (D:4)
  5 worms
  A dart slug (D:1)
  3 leopard geckos
  13 orcs
  2 ball pythons (D:3)
  2 bats (D:1)
  9 giant cockroaches
  9 goblins
  4 hobgoblins
  13 jackals
  5 quokkas
  8 frilled lizards
  12 kobolds
  A quokka skeleton (D:3)
  9 rats
164 creatures vanquished.

Vanquished Creatures (others)
  An orc priest (D:7)
  An orc wizard (D:7)
  6 plants (D:6)
8 creatures vanquished.

Grand Total: 172 creatures vanquished

Notes
Turn   | Place    | Note
-------+----------+-------------------------------------------
     0 | D:1      | kaeus the Octopode Transmuter began the quest for the Orb.
     0 | D:1      | Reached XP level 1. HP: 13/13 MP: 3/3
   394 | D:1      | Reached XP level 2. HP: 13/18 MP: 5/5
   646 | D:1      | Reached XP level 3. HP: 24/24 MP: 6/6
   650 | D:1      | Learned a level 3 spell: Spider Form
  1255 | D:2      | Reached skill level 1 in Poison Magic
  1545 | D:2      | Reached XP level 4. HP: 29/29 MP: 3/7
  2200 | D:2      | Reached XP level 5. HP: 34/34 MP: 5/9
  2659 | D:3      | Reached skill level 4 in Unarmed Combat
  3211 | D:3      | Found a blossoming altar of Fedhas.
  3505 | D:4      | Noticed a black bear
  3517 | D:4      | Killed a black bear
  3518 | D:4      | Reached skill level 5 in Unarmed Combat
  3518 | D:4      | Reached XP level 6. HP: 10/39 MP: 7/10
  4258 | D:4      | You fall into a shaft and drop 1 floor!
  4258 | D:5      | Entered Level 5 of the Dungeon
  4343 | D:5      | Noticed an ice beast
  4593 | D:4      | Reached skill level 6 in Unarmed Combat
  5341 | D:5      | Noticed a phantom
  5355 | D:5      | Killed a phantom
  5356 | D:5      | Reached XP level 7. HP: 24/45 MP: 2/11
  5580 | D:5      | Reached skill level 7 in Unarmed Combat
  5606 | D:5      | HP: 1/45 [ice beast (5)]
  6491 | D:6      | Found a stormy altar of Qazlal.
  6887 | D:6      | Reached skill level 8 in Unarmed Combat
  6892 | D:6      | Learned a level 4 spell: Ice Form
  7044 | D:6      | Reached XP level 8. HP: 45/51 MP: 8/12
  7044 | D:6      | Found a transporter.
  7072 | D:6      | Reached skill level 1 in Ice Magic
  7239 | D:6      | Found a transporter.
  7248 | D:6      | Noticed SkeletonJelly's ghost (novice DrTm)
  8623 | D:7      | Noticed Dowan
  8625 | D:7      | Noticed Duvessa
  8637 | D:7      | Killed Dowan
  8638 | D:7      | Reached XP level 9. HP: 34/57 MP: 8/14
  8648 | D:7      | Killed Duvessa
  9392 | D:7      | Found a staircase to the Ecumenical Temple.
  9556 | Temple   | Entered the Ecumenical Temple
  9563 | Temple   | Became a worshipper of Cheibriados the Contemplative
  9577 | D:7      | Gained mutation: Your flesh is heat resistant. (rF+)
                  | [potion of mutation]
  9577 | D:7      | Gained mutation: You are robust. (+10% HP) [potion of
                  | mutation]
  9700 | D:6      | Found a shimmering altar of Xom.
  9702 | D:6      | Found a sparkling altar of Nemelex Xobeh.
 10923 | D:7      | Learned a level 5 spell: Blade Hands
 11016 | D:8      | Reached skill level 1 in Invocations
 11019 | D:8      | Reached skill level 5 in Transmutations
 11030 | D:8      | Noticed a two-headed ogre
 11056 | D:8      | Killed a two-headed ogre
 11057 | D:8      | Reached skill level 9 in Unarmed Combat
 11228 | D:8      | Reached * piety under Cheibriados
 11462 | D:8      | Reached skill level 5 in Fighting
 11462 | D:8      | Reached skill level 5 in Spellcasting
 11462 | D:8      | Reached XP level 10. HP: 68/72 MP: 17/17
 11740 | D:8      | Noticed Psyche
 11752 | D:8      | Killed Psyche
 11753 | D:8      | Reached skill level 5 in Dodging
 11864 | D:9      | Paralysed by a hornet for 2 turns
 11867 | D:9      | Mangled by a hornet

Illustrated notes

Levels and vault maps discovered:
D:1:      lightli_arrival_isolated_outpost, layout_rooms, minmay_pentomino_o2
D:2:      minmay_evil_eye, layout_rooms, serial_glass, glass_columns_b,
          glass_columns_a, minmay_puff
D:3:      layout_loops_cross, fedhas_altar_1, minmay_misc_feat_columns
D:4:      layout_cave_pods
D:5:      layout_basic, st_stairs_1
D:6:      layout_rooms, lemuel_crystal_altar, nicolae_overflow_hidden_temple,
          serial_curves, eino_curves_04, eino_curves_02,
          gammafunk_ghost_gnarly_gnolls, minmay_misc_feat_five,
          kennysheep_small_square
D:7:      layout_loops_ring, lemuel_temple_firewalk_b, uniq_duvessa
D:8:      layout_basic, minmay_increasing_density, uniq_psyche
D:9:      layout_roguey, grunt_temple_overflow_diamond,
          minmay_orc_entry_guard_dogs, uniq_harold
Temple:   nicolae_temple_no_exploring_needed

Skill      XL: |  1  2  3  4  5  6  7  8  9 10 |
---------------+-------------------------------+-----
Fighting       | 2 3 5 |  5.1
Poison Magic   | 1 2 |  2.0
Transmutations | 3 4 5 |  5.6
Unarmed Combat | 5 6 8 9 |  9.3
Spellcasting   | 3 5 |  5.1
Ice Magic      | 2 |  2.0
Dodging        | 3 4 5 |  5.1
Invocations    | 2 3 |  3.0

Action                   |  1- 3 |  4- 6 |  7- 9 | 10-12 || total
-------------------------+-------+-------+-------+-------++-------
Melee: Unarmed           |    82 |   141 |   270 |     9 ||   502
       Tentacles         |    12 |     6 |    15 |     1 ||    34
       Constrict         |    19 |     9 |    11 |       ||    39
       Kick              |    17 |     2 |       |       ||    19
       Punch             |     2 |     1 |     4 |       ||     7
 Cast: Beastly Appendage |    15 |     4 |       |       ||    19
       Spider Form       |     4 |    22 |    29 |     2 ||    57
  Use: Scroll            |     1 |     4 |     5 |       ||    10
       Potion            |       |       |     4 |     1 ||     5
 Stab: Sleeping          |     2 |     4 |     1 |       ||     7
Armor: Skin              |     6 |     9 |    10 |       ||    25
Dodge: Dodged            |    45 |   145 |   265 |     9 ||   464
